 Dungeon Crawl Stone Soup version 0.27-a0-951-gae3e1deef5 (webtiles) character file.

Game seed: 6039207701017692475

2980 funkygono the Thaumaturge (level 9, -16/58 HPs)
             Began as a Djinni Venom Mage on Apr 11, 2021.
             Was an Initiate of Ru.
             Demolished by a boulder beetle (28 damage)
             ... on level 8 of the Dungeon.
             The game lasted 00:20:31 (8470 turns).

funkygono the Thaumaturge (Djinni Venom Mage)       Turns: 8470, Time: 00:20:32

Health: -16/58     AC:  7    Str:  8    XL:     9   Next: 83%
Gold:   354        EV: 16    Int: 20    God:    Ru [......] SH:  0 Dex: 19

rFire    + + .     SeeInvis .   j - +4 long sword
rCold    x . .     Faith    .   (no shield)
rNeg     . . .     Spirit   .   v - +0 leather armour
rPois    ∞         Reflect  .   q - +2 helmet
rElec    .         Harm     .   (no cloak)
rCorr    .         Rampage  .   A - +0 pair of gloves
Will     .....                  (boots unavailable)
Stlth    ++........             l - amulet of regeneration
HPRegen  1.19/turn              e - +6 ring of dexterity
MPRegen  0.00/turn              d - +4 ring of evasion

@: flying
A: fire resistance 2, cold vulnerability 1, float, innate caster, hp casting,
extra vitality 1
a: Renounce Religion


You were on level 8 of the Dungeon.
You worshipped Ru.
Ru was noncommittal.
You visited 2 branches of the dungeon, and saw 10 of its levels.

You collected 354 gold pieces.

Inventory:

Hand Weapons
 b - a +0 dagger
 j - a +4 long sword (weapon)
 u - a +1 great sword of freezing
Missiles
 c - 105 stones
Armour
 a - a +0 robe
 q - a +2 helmet (worn)
 s - a +0 ring mail
 v - a +0 leather armour (worn)
 A - a +0 pair of gloves (worn)
Magical Staves
 m - a staff of death
Jewellery
 d - a +4 ring of evasion (right hand)
 e - a +6 ring of dexterity (left hand)
 l - an amulet of regeneration (around neck)
Wands
 o - a wand of iceblast (17)
 y - a wand of paralysis (12)
 C - a wand of digging (5)
Scrolls
 f - 3 scrolls of teleportation
Potions
 g - 2 potions of might
 h - 2 potions of attraction
 i - a potion of lignification
 k - a potion of haste
 n - 2 potions of curing
 p - a potion of berserk rage {unknown}
 r - 2 potions of ambrosia
 t - 2 potions of brilliance {unknown}
 x - a potion of resistance {unknown}
 D - a potion of heal wounds {unknown}


   Skills:
 + Level 2.2 Fighting
 + Level 0.2(0.7) Short Blades
 + Level 1.1 Long Blades
 * Level 2.9 Armour
 + Level 3.0 Dodging
 - Level 1.5 Stealth
 * Level 10.7 Spellcasting


You had 7 spell levels left.
You knew the following spells:

 Your Spells              Type           Power      Damage    Failure   Level
a - Sting                 Tmut/Pois      100%       1d8       1%          1
b - Poisonous Vapours     Pois/Air       100%       N/A       1%          2
c - Mephitic Cloud        Conj/Pois/Air  52%        N/A       1%          3
d - Ignite Poison         Fire/Tmut/Pois 52%        N/A       1%          3
e - Olgreb's Toxic Radia  Pois           52%        N/A       1%          4
f - Sandblast             Erth           100%       2d20      1%          1
g - Searing Ray           Conj           100%       3d7       1%          2
h - Lesser Beckoning      Tloc           26%        N/A       1%          3
i - Vampiric Draining     Necr           26%        2d9       1%          3
Your spell library was empty.

Dungeon Overview and Level Annotations

Branches:
Dungeon (9/15)             Temple (1/1) D:7
   Lair: D:8-11         Orc: D:9-12

Altars:
Ashenzari
Cheibriados
Dithmenos
Elyvilon
Fedhas
Gozag
Kikubaaqudgha
Makhleb
Nemelex Xobeh
Okawaru
Ru
Sif Muna
Trog
Uskayaw
Vehumet
Wu Jian
Yredelemnul
Zin

Shops:
D:6 !


Innate Abilities, Weirdness & Mutations

You are immune to poison.
Your flesh is very heat resistant. (rF++)
You are vulnerable to cold. (rC-)
You float through the air rather than walking.
You learn spells naturally, not from books.
Your magical power is your life essence.
You have superior vitality. (+4 HP)


Message History

Aim: a boulder beetle (almost dead, 0% to evade)
The blast of sand hits the boulder beetle but does no damage.
The boulder beetle is almost dead.
c - 107 stones
* * * LOW HITPOINT WARNING * * *
The boulder beetle leaps!
Casting: Sandblast (safe; 1% risk of failure)
Confirm with . or Enter, or press ? or * to list all spells.
Aiming: Sandblast (safe; 1% risk of failure)
Press: ? - help, Shift-Dir - straight line, f/p - boulder beetle
Aim: a boulder beetle (almost dead, 0% to evade)
The blast of sand hits the boulder beetle but does no damage.
The boulder beetle is almost dead.
c - 106 stones
* * * LOW HITPOINT WARNING * * *
The boulder beetle curls into a ball and begins rolling!
Casting: Sandblast (safe; 1% risk of failure)
Confirm with . or Enter, or press ? or * to list all spells.
Aiming: Sandblast (safe; 1% risk of failure)
Press: ? - help, Shift-Dir - straight line, f/p - boulder beetle
Aim: a boulder beetle (almost dead, rolling, 0% to evade)
The blast of sand hits the boulder beetle but does no damage.
The boulder beetle is almost dead.
c - 105 stones
* * * LOW HITPOINT WARNING * * *
The boulder beetle closely misses you.
The boulder beetle stops rolling and uncurls.
You feel better. The boulder beetle barely misses you.
Unknown command.
Casting: Sandblast (safe; 1% risk of failure)
Confirm with . or Enter, or press ? or * to list all spells.
Aiming: Sting (safe; 1% risk of failure)
Press: ? - help, Shift-Dir - straight line, f/p - boulder beetle
Aim: a boulder beetle (almost dead, 0% to evade)
The sting hits the boulder beetle but does no damage.
The boulder beetle is poisoned.
The boulder beetle is almost dead.
* * * LOW HITPOINT WARNING * * *
The boulder beetle bites you!!
You die...

#<.........# ##
##.........#####.
#...♣.♣.........
##..♣♣.♣..######
#####....♣...#
##..##.....♣.)#
##.............#
####.........))...#
.......@B[#########
.........##
...#####..# ..
##.## . #..# ##.##
#..# ##.## #..#


You could see a boulder beetle (poisoned).

Vanquished Creatures
  6 yaks (D:9)
  2 water moccasins (D:7)
  A hornet zombie (D:6)
  An ice beast (D:5)
  An ogre (D:5)
  2 necrophages
  A phantom (D:5)
  A wyvern zombie (D:5)
  2 scorpions (D:7)
  2 water moccasin skeletons (D:4)
  4 killer bees (D:9)
  8 wights
  A howler monkey (D:4)
  A centaur skeleton (D:7)
  2 hounds
  A jelly (D:4)
  2 bullfrog skeletons
  3 iguanas
  3 orc wizards (D:6)
  4 gnolls (D:4)
  7 adders
  A white imp (D:7)
  2 dart slugs
  14 orcs
  9 endoplasms
  5 giant cockroaches
  10 goblins
  10 hobgoblins
  11 jackals
  8 kobolds
  7 quokkas
  12 ball pythons
  9 bats
  5 frilled lizards
  A quokka skeleton (D:4)
  3 rats
162 creatures vanquished.

Notes
Turn   | Place    | Note
-------+----------+-------------------------------------------
     0 | D:1      | funkygono the Djinni Venom Mage began the quest for the
                  | Orb.
     0 | D:1      | Reached XP level 1. HP: 15/15 MP: 0/0
   182 | D:1      | Reached skill level 3 in Spellcasting
   289 | D:1      | Reached XP level 2. HP: 20/21 MP: 0/0
  1172 | D:2      | Reached XP level 3. HP: 24/25 MP: 0/0
  1172 | D:2      | Learned a level 1 spell: Sandblast
  2027 | D:2      | Reached skill level 4 in Spellcasting
  2027 | D:2      | Reached XP level 4. HP: 27/31 MP: 0/0
  2728 | D:3      | Found a faded altar of an unknown god.
  3049 | D:3      | Reached XP level 5. HP: 23/35 MP: 0/0
  3049 | D:3      | Learned a level 2 spell: Searing Ray
  3162 | D:3      | Noticed a necrophage
  3174 | D:3      | Killed a necrophage
  3175 | D:3      | Reached skill level 5 in Spellcasting
  3998 | D:4      | Reached XP level 6. HP: 37/40 MP: 0/0
  4381 | D:4      | Reached skill level 6 in Spellcasting
  4502 | D:4      | Reached XP level 7. HP: 46/46 MP: 0/0
  4502 | D:4      | Learned a level 3 spell: Lesser Beckoning
  5000 | D:5      | Entered Level 5 of the Dungeon
  5133 | D:5      | Reached skill level 7 in Spellcasting
  5342 | D:5      | Reached XP level 8. HP: 51/51 MP: 0/0
  6394 | D:6      | Found Fasair Cois's Distillery.
  6445 | D:6      | Found an ornate altar of the Wu Jian Council.
  6515 | D:6      | Reached skill level 8 in Spellcasting
  6561 | D:6      | Found a bloodstained altar of Trog.
  6857 | D:6      | Found a shadowy altar of Dithmenos.
  6857 | D:6      | Found a snail-covered altar of Cheibriados.
  6886 | D:6      | Found a glowing silver altar of Zin.
  6890 | D:6      | Found a burning altar of Makhleb.
  7011 | D:7      | Found a staircase to the Ecumenical Temple.
  7028 | D:7      | Reached skill level 1 in Armour
  7033 | Temple   | Entered the Ecumenical Temple
  7385 | Temple   | Became a worshipper of Ru the Awakened
  7499 | D:7      | Reached skill level 9 in Spellcasting
  7552 | D:7      | You are sucked into a shaft and drop 2 floors!
  7557 | D:9      | Reached skill level 1 in Fighting
  7567 | D:9      | Noticed a purple ugly thing
  7588 | D:9      | Noticed a wraith
  7588 | D:9      | Noticed a hornet
  7590 | D:9      | Noticed a freezing wraith
  7602 | D:9      | Reached XP level 9. HP: 52/57 MP: 0/0
  7602 | D:9      | Learned a level 3 spell: Vampiric Draining
  7619 | D:9      | Reached skill level 1 in Long Blades
  7619 | D:9      | Reached skill level 10 in Spellcasting
  8445 | D:8      | Noticed a boulder beetle
  8470 | D:8      | Demolished by a boulder beetle

Illustrated notes

Levels and vault maps discovered:
D:1:      psy_arrival_terrarium, layout_loops_corners, minmay_misc_feat_chi
D:2:      layout_basic, eino_tiny_chamber, minmay_fractal_squares_5
D:3:      layout_basic, shapermc_ecumenical_altar_totnotflames, minmay_bisected
D:4:      minmay_octagon_keep, layout_basic, chequers_avenue
D:5:      layout_basic
D:6:      layout_loops_ring, nicolae_overflow_crystal_walls,
          amcnicky_altar_gilded, grunt_temple_overflow_open, serial_shops, shop,
          kennysheep_generic_room_12
D:7:      layout_loops_corners, minmay_temple_entry_large_hall
D:8:      layout_cave_pods, regret_index_temple_of_mockery,
          overflow_temple_1_default, lair_entry_dummy, chequers_garden,
          minmay_diamond_spiral
D:9:      layout_roguey, minmay_splitting_lines,
          minmay_fractal_squares_gapless_7
Temple:   dpeg_chambers_temple

Skill      XL: |  1  2  3  4  5  6  7  8  9 |
---------------+----------------------------+-----
Spellcasting   | 3 4 5 6 7 9 10 | 10.7
Armour         | 2 |  2.9
Dodging        | 3 |  3.0
Fighting       | 1 2 |  2.2
Long Blades    | 1 |  1.1
Short Blades   | |  0.2
Stealth        | |  1.5

Action                   |  1- 3 |  4- 6 |  7- 9 || total
-------------------------+-------+-------+-------++-------
Melee: Dagger            |       |    23 |       ||    23
       Great sword       |       |       |     2 ||     2
 Cast: Sting             |    48 |    67 |    53 ||   168
       Poisonous Vapours |    13 |    28 |    18 ||    59
       Ignite Poison     |       |     6 |    19 ||    25
       Mephitic Cloud    |       |     4 |     1 ||     5
       Sandblast         |       |     7 |    63 ||    70
       Olgreb's Toxic Ra |       |       |     6 ||     6
  Use: Scroll            |     2 |     4 |    11 ||    17
       Potion            |       |       |     1 ||     1
Armor: Robe              |     3 |     7 |     1 ||    11
       Leather armour    |       |       |     8 ||     8
Dodge: Dodged            |    35 |    55 |    41 ||   131
       Rpst.: Great sword |       |       |     1 ||     1
       Long sword        |       |       |     3 ||     3

Table legend: (Time is in decaauts)
 A = Elapsed time spent in this place.
 B = Non-inter-level travel time spent in this place.
 C = Inter-level travel time spent in this place.
 D = Time resting spent in this place.
 E = Time spent auto-exploring this place.
 F = Levels seen in this place.
 G = Mean time per level.
                   A        B        C        D        E       F      G
               +--------+--------+--------+--------+--------+-----+--------+
         Total |   8470 |   8013 |    457 |    119 |   6611 |  10 |  847.0 |
       Dungeon |   8091 |   7662 |    429 |    119 |   6427 |   9 |  899.0 |
        Temple |    379 |    352 |     27 |      0 |    184 |   1 |  379.0 |
               +--------+--------+--------+--------+--------+-----+--------+

Top non-repeatable levels by time:
     D:3: 1454 daAuts
     D:2: 1396 daAuts
     D:1: 1243 daAuts
     D:4: 1069 daAuts
     D:5: 1046 daAuts
     D:7: 865 daAuts
     D:6: 738 daAuts
  Temple: 379 daAuts
     D:9: 147 daAuts
     D:8: 129 daAuts
